 Dungeon Crawl Stone Soup version 0.18-a0-327-gb1de508 (webtiles) character file.

3573 Proton the Blocker (level 10, -1/80 HPs)
             Began as a Formicid Fighter on Nov 27, 2015.
             Was an Initiate of Ru.
             Slain by a wraith (9 damage)
             ... on level 11 of the Dungeon.
             The game lasted 00:14:01 (6835 turns).

Proton the Blocker (Formicid Fighter)               Turns: 6835, Time: 00:14:01

Health: -1/80      AC: 13    Str: 29    XL:     10   Next: 31%
Magic:  10/10      EV: 13    Int: 11    God:    Ru [......]
Gold:   399        SH:  7    Dex: 10    Spells: 0 memorised, 9 levels left

rFire  . . .     SeeInvis +     F - +0 battleaxe
rCold  + . .     Clarity  .     c - +2 ring mail of True Grit {-Cast rPois Str+5 Int+3}
rNeg   . . .     SustAt   .     D - +2 buckler
rPois  +         Gourm    .     (helmet unavailable)
rElec  .         Spirit   .     E - +2 cloak {rPois}
rCorr  +         Warding  .     s - +0 pair of gloves
rMut   .         Stasis   +     (no boots)
MR     +....     NoCast   +     i - amulet of resist corrosion
Stlth  ..........               (no ring)
                                y - ring of protection from cold

@: somewhat resistant to hostile enchantments, extremely unstealthy
A: permanent stasis, dig shafts and tunnels, four strong arms, antennae 3, no
stealth
a: Dig, Shaft Self, Renounce Religion


You were on level 11 of the Dungeon.
You worshipped Ru.
Ru was noncommittal.
You were not hungry.

You visited 2 branches of the dungeon, and saw 11 of its levels.

You collected 399 gold pieces.

Inventory:

Hand Weapons
 F - a +0 battleaxe (weapon)
Missiles
 J - 5 javelins (quivered)
Armour
 c - the +2 ring mail of True Grit (worn) {-Cast rPois Str+5 Int+3}
   (You found it on level 4 of the Dungeon)

   It affects your strength (+5).
   It affects your intelligence (+3).
   It protects you from poison.
   It prevents spellcasting.
 s - a +0 pair of gloves (worn)
 D - a +2 buckler (worn)
 E - a +2 cloak of poison resistance (worn)
Jewellery
 i - an amulet of resist corrosion (around neck)
 y - a ring of protection from cold (left hand)
Wands
 a - a wand of polymorph (9)
Scrolls
 b - 2 scrolls of enchant weapon {unknown}
 f - 3 scrolls of remove curse
 k - 3 scrolls of magic mapping {unknown}
 n - a scroll of recharging {unknown}
 q - 2 scrolls of teleportation {unknown}
 t - 2 scrolls of enchant armour
 w - 3 scrolls of amnesia
 A - a scroll of blinking {unknown}
 G - a scroll of immolation {unknown}
Potions
 d - 2 potions of might
 j - a potion of cancellation
 l - a potion of lignification {unknown}
 m - a potion of magic {unknown}
 o - 3 potions of curing
 r - 3 potions of poison {unknown}
 v - a potion of heal wounds
 x - a potion of brilliance
 C - a potion of berserk rage
 H - a potion of flight
 I - 2 potions of agility
Comestibles
 e - 7 bread rations
 g - a royal jelly
 p - 12 fruits
 z - 3 meat rations
 B - 3 beef jerkies
 L - 7 slices of pizza


   Skills:
 + Level 7.7 Fighting
 + Level 6.8 Axes
 + Level 7.6 Armour
 + Level 5.5 Dodging
 + Level 8.4 Shields


You had 9 spell levels left.
You didn't know any spells.

Dungeon Overview and Level Annotations

Branches:
Dungeon (11/15)            Temple (1/1) D:5
   Lair: D:8-11         Orc: D:9-12

Altars:
Ashenzari
Cheibriados
Fedhas
Gozag
Makhleb
Nemelex Xobeh
Okawaru
Ru
Trog
Xom
Zin

Shops:
D:5 =

Annotations:
D:9 Gastronok


Innate Abilities, Weirdness & Mutations

You are under a permanent stasis effect.
You can dig through walls and to a lower floor.
Your four strong arms can wield two-handed weapons with a shield.
You have a pair of large antennae on your head (SInv).
You cannot be stealthy.


Message History

Gastronok wobbles crazily.
You slash Gastronok!
Gastronok is moderately wounded.
You hit Gastronok but do no damage.
Gastronok is moderately wounded.
Gastronok bites you!
* * * LOW HITPOINT WARNING * * *
Are you sure you want to shaft yourself?
You feel somewhat more hungry.
You begin to dig a shaft.
You continue digging a shaft.
Gastronok bites you!
* * * LOW HITPOINT WARNING * * *
A shaft appears beneath you!
You fall through a shaft for 2 floors!
The shaft crumbles and collapses.
A wraith comes into view.
Found 18 arrows and a scroll of identify.
You start resting.
You closely miss the wraith. The wraith hits you!
You die...

..
...........
?.##.........
.........W.
.........
##.#....
...(.. #.W##
#..@# ###.#
#.# #.# #..
#.. ##.# .#


You could see a wraith.

Vanquished Creatures
  Pikel (D:6)
  Grinder (D:4)
  2 hogs (D:7)
  A human (D:7)
  A deep elf mage (D:9)
  Edmund (D:5)
  An orc warrior (D:7)
  3 ogres
  A slave (D:6)
  A necrophage (D:5)
  4 centaurs
  Blork the orc (D:6)
  2 giant frogs
  A wyvern zombie (D:7)
  2 scorpions (D:6)
  3 crimson imps
  2 giant frog zombies
  5 hounds
  A jelly (D:5)
  2 centaur skeletons (D:4)
  Crazy Yiuf (D:6)
  8 orc wizards
  4 orc priests
  2 worker ants
  An iguana (D:4)
  2 sheep (D:7)
  A hound skeleton (D:7)
  10 adders
  An adder zombie (D:7)
  An ooze (D:3)
  3 adder skeletons
  2 worms
  4 giant geckos
  17 orcs
  2 ball pythons (D:3)
  6 goblins
  3 hobgoblins
  8 bats
  7 giant cockroaches
  7 giant newts
  A jackal zombie (D:5)
  11 kobolds
  7 quokkas
  11 rats
156 creatures vanquished.

Vanquished Creatures (others)
  A slave (D:6)
  A centaur (D:6)
  A hound (D:6)
  A worker ant (D:6)
  3 orcs (D:6)
7 creatures vanquished.

Grand Total: 163 creatures vanquished

Notes
Turn   | Place    | Note
--------------------------------------------------------------
     0 | D:1      | Proton the Formicid Fighter began the quest for the Orb.
     0 | D:1      | Reached XP level 1. HP: 18/18 MP: 1/1
   235 | D:1      | Reached XP level 2. HP: 24/24 MP: 2/2
   956 | D:2      | Reached XP level 3. HP: 14/29 MP: 3/3
  1107 | D:2      | Reached skill level 1 in Dodging
  1215 | D:2      | Reached skill level 4 in Shields
  1215 | D:2      | Reached XP level 4. HP: 34/37 MP: 4/4
  1638 | D:3      | Reached XP level 5. HP: 19/42 MP: 5/5
  2024 | D:3      | Found an opulent altar of Gozag.
  2492 | D:4      | Found a sparkling altar of Nemelex Xobeh.
  2557 | D:4      | Reached XP level 6. HP: 46/49 MP: 6/6
  2629 | D:4      | Noticed Grinder
  2634 | D:4      | You fall through a shaft for 3 floors!
  2746 | D:6      | Noticed Blork the orc
  2748 | D:6      | Noticed a slave
  2748 | D:6      | Noticed a slave
  2749 | D:6      | Noticed Pikel
  2750 | D:6      | Noticed a slave
  2751 | D:6      | Noticed a slave
  2757 | D:6      | Killed Blork the orc
  2757 | D:6      | Reached skill level 5 in Shields
  2757 | D:6      | Reached XP level 7. HP: 46/55 MP: 7/7
  2774 | D:6      | Killed Pikel
  2774 | D:6      | Reached skill level 5 in Fighting
  2774 | D:6      | Reached skill level 5 in Armour
  2774 | D:6      | Reached XP level 8. HP: 15/63 MP: 8/8
  2797 | D:5      | Entered Level 5 of the Dungeon
  3017 | D:5      | Found a sacrificial altar of Ru.
  3024 | D:5      | Reached skill level 6 in Shields
  3032 | D:5      | Became a worshipper of Ru the Awakened
  3123 | D:5      | Noticed Edmund
  3146 | D:5      | Killed Edmund
  3368 | D:5      | Reached skill level 5 in Axes
  3414 | D:5      | Found a staircase to the Ecumenical Temple.
  3472 | D:5      | Reached XP level 9. HP: 40/69 MP: 9/9
  3787 | D:5      | Found Acrounuh's Jewellery Boutique.
  4146 | D:4      | Found an iron altar of Okawaru.
  4357 | D:4      | Got an ancient ring mail
  4368 | D:4      | Identified the +2 ring mail of True Grit {-Cast rPois Str+5 Int+3} (You found it on level 4 of the Dungeon)
  4484 | D:4      | Reached skill level 7 in Shields
  4522 | D:4      | Killed Grinder
  4633 | D:4      | Found a glowing silver altar of Zin.
  4635 | D:4      | Found a blossoming altar of Fedhas.
  4635 | D:4      | Found a bloodstained altar of Trog.
  4643 | D:4      | Found a shattered altar of Ashenzari.
  4655 | D:4      | Found a snail-covered altar of Cheibriados.
  4912 | Temple   | Entered the Ecumenical Temple
  4937 | D:6      | Noticed Crazy Yiuf
  4945 | D:6      | Killed Crazy Yiuf
  5268 | D:6      | Found a burning altar of Makhleb.
  5269 | D:6      | Found a shimmering altar of Xom.
  5655 | D:7      | Reached skill level 5 in Dodging
  6205 | D:7      | Reached XP level 10. HP: 79/79 MP: 10/10
  6238 | D:7      | Gained mutation: You cannot be stealthy. [Ru sacrifice]
  6579 | D:7      | Reached skill level 8 in Shields
  6814 | D:9      | Noticed Gastronok
  6829 | D:9      | You fall through a shaft for 2 floors!
  6835 | D:11     | Slain by a wraith

Vault maps used:
D:1:      enne_arrival_octagon_isle
D:3:      nicolae_gozag_cash_rules_everything_around_me
D:4:      minmay_overflow_temple_star_hex, nicolae_overflow_hidden_temple,
          okawaru_trees_1, first_bread, grunt_decor_mini_mirrors, uniq_grinder
D:5:      minmay_temple_entry_junction2, serial_shops, shop,
          gup_sewer_entry_bowl, hangedman_abyss_or_decor_stagger,
          nicolae_ru_great_annihilating_truth, uniq_edmund
D:6:      grunt_temple_overflow_champion_of_chaos, uniq_pikel,
          uniq_blork_the_orc, uniq_crazy_yiuf_cottage
D:7:      grunt_livestock
D:8:      lemuel_zombie_altar_yredelemnul, lair_0_dummy, basic_altar
D:9:      uniq_prince_ribbit1, uniq_gastronok
D:11:     minmay_orc_entry_temple_small
Temple:   minmay_temple_bridge_a_8

Action                   |  1- 3 |  4- 6 |  7- 9 | 10-12 || total
-------------------------+-------+-------+-------+-------++-------
Melee: War axe           |   107 |   162 |   279 |       ||   548
       Battleaxe         |       |       |    28 |    37 ||    65
Invok: Reject Sacrifices |       |       |     1 |       ||     1
       Sacrifice Stealth |       |       |       |     1 ||     1
 Abil: Dig               |       |     1 |       |       ||     1
       Shaft Self        |       |       |       |     1 ||     1
  Use: Scroll            |       |       |       |     9 ||     9
 Stab: Paralysed         |       |       |     1 |       ||     1
  Eat: Meat ration       |       |     1 |     2 |       ||     3
       Fruit             |       |     1 |       |       ||     1
       Bread ration      |       |       |     1 |       ||     1
       Pizza             |       |       |     1 |       ||     1
